cohdb
Replays
Latest Replays
All Replays
Popular Replays
Top Player Replays
Match Explorer
How It Works
Community
CoH3 Stats
Reddit
Sign in to upload your games and track your stats! →
Sign in with Steam
Match 42821729
Unlisted
Match 42821729
Overview
Messages
Build Orders
End
Kradschützen Motorcycle Team
Selects Armored Support Battlegroup
Panzerpioneer Squad
Panzergrenadier Squad
250 Light Carrier
Panzergrenadier Squad
Construct Light Support Kompanie
Selects Salvage Kits
Assault Mechanized Group
Combat Half-tracks
Fire Support Elements
Flakvierling Half-track
Selects Superior Fire Drills
2.5-tonne Medical Truck
Panzerjäger Squad
Vehicle Survival Package
Assault Mechanized Group
Veteran Squad Leaders
Selects Flammpanzer III Medium Tank
Flammpanzer III Medium Tank
Selects Command Panzer IV F Medium Tank
Command Panzer IV F Medium Tank
Flakvierling Half-track
Assault Mechanized Group
Tungsten Core Ammunition
Construct Panzerarmee Kommand
Flak 36 Anti-tank Gun Team
Selects Panzer Storm
Selects Stuka Anti-tank Loiter
Stuka Anti-tank Loiter
Trion
Jeiseun
0
0
Comments
sign in to comment!
No comments posted yet!